 Dungeon Crawl Stone Soup version 0.17.1-1-g73c8601 (webtiles) character file.

51 Rarity the Skirmisher (level 3, -4/34 HPs)
             Began as a Minotaur Fighter on Dec 26, 2015.
             Was a Believer of Cheibriados.
             Killed by nerve-wracking pain
             ... invoked by an orc priest
              (14 damage)
             ... on level 3 of the Dungeon.
             The game lasted 00:11:43 (1299 turns).

Rarity the Skirmisher (Minotaur Fighter)            Turns: 1299, Time: 00:11:43

Health: -4/34      AC:  9    Str: 25    XL:     3   Next: 57%
Magic:  2/2        EV:  7    Int:  9    God:    Cheibriados [**....]
Gold:   79         SH: 10    Dex: 13    Spells: 0 memorised, 2 levels left

rFire  . . .     SeeInvis +     a - +0 flail
rCold  . . .     Clarity  .     b - +0 scale mail
rNeg   . . .     SustAt   .     c - +0 shield
rPois  .         Gourm    .     (helmet restricted)
rElec  .         Spirit   .     q - +0 cloak
rCorr  .         Warding  .     f - +0 pair of gloves
rMut   .         Stasis   .     (no boots)
MR     .....                    (no amulet)
Stlth  ..........               (no ring)
                                k - ring of see invisible

@: very slow, not resistant to hostile enchantments, extremely unstealthy
A: retaliatory headbutt, horns 2
a: Bend Time, Renounce Religion


You were on level 3 of the Dungeon.
You worshipped Cheibriados.
Cheibriados was pleased with you.
You were not hungry.

You visited 1 branch of the dungeon, and saw 3 of its levels.

You collected 79 gold pieces.

Inventory:

Hand Weapons
 a - a +0 flail (weapon)
Armour
 b - a +0 scale mail (worn)
 c - a +0 shield (worn)
 f - a +0 pair of gloves (worn)
 q - a +0 cloak (worn)
Jewellery
 k - a ring of see invisible (left hand)
Scrolls
 g - a scroll of recharging {unknown}
 j - 3 scrolls of identify {unknown}
 l - a scroll of fog {unknown}
 n - 2 scrolls of teleportation {unknown}
 o - a scroll of noise {unknown}
 r - a scroll of magic mapping {unknown}
 s - a scroll of remove curse {unknown}
Potions
 d - a potion of might
 h - a potion of haste {unknown}
 p - 3 potions of curing {unknown}
 t - a potion of heal wounds {unknown}
Comestibles
 e - 3 bread rations
 i - 2 slices of pizza
 m - 3 chunks of flesh


   Skills:
 * Level 4.5 Fighting
 * Level 3.1 Maces & Flails
 - Level 4.0 Armour
 * Level 4.1 Shields


You had 2 spell levels left.
You didn't know any spells.

Dungeon Overview and Level Annotations

Branches:
Dungeon (3/15)

Altars:
Ashenzari
Cheibriados
Dithmenos
Elyvilon
Fedhas
Kikubaaqudgha
Makhleb
Nemelex Xobeh
Qazlal
Sif Muna
Trog
Zin


Innate Abilities, Weirdness & Mutations

You reflexively headbutt those who attack you in melee.
You have a pair of horns on your head.


Message History

An orc and 2 orc priests come into view.
The orc shouts!
The orc priest shouts!
The angel embarks on a stern sermon about the evils of necromancy.
Found a scroll labeled MOW OWNEJING.
An orc priest comes into view.
The orc priest shouts!
The orc priest mumbles some strange prayers to Beogh against you.
Something smites you!
Your shield prevents you from hitting the orc priest.
You block the orc priest's attack.
The angel recites the sacred Law of Zin.
You sock the orc priest!
The orc priest is severely wounded.
The orc priest hits you with a flail of crushing.
The orc priest hits you from afar with a trident.
* * * LOW HITPOINT WARNING * * *
You block the orc priest's attack.
The orc priest invokes the aid of Beogh against you.
Pain shoots through your body!
You die...

#.### #........ #.#.##
#..#.###.
.#########....####........
.................'........
.#########....####........
##.#.## ##....... #...##
##.....# #...# ##...##
##@+### ##'## ###.....###
#.### #2#_o.._#A# #.##.
###.....### ##.##.
#.##o### ####...#. ### o.#
.......... o.# .####...#.
.#. ##.##. ?... #####


You could see an angel, a blizzard demon, 3 orc priests and an orc.

Vanquished Creatures
  3 adders
  An orc (D:3)
  3 bats
  3 giant cockroaches
  2 goblins
  A hobgoblin (D:1)
  3 jackals (D:2)
  A giant newt (D:3)
  A kobold (D:1)
  2 quokkas (D:2)
  2 rats
22 creatures vanquished.

Notes
Turn   | Place    | Note
--------------------------------------------------------------
     0 | D:1      | Rarity the Minotaur Fighter began the quest for the Orb.
     0 | D:1      | Reached XP level 1. HP: 19/19 MP: 0/0
   405 | D:2      | Found a faded altar to an unknown god.
   412 | D:2      | Became a worshipper of Cheibriados the Contemplative
   412 | D:2      | Reached * piety under Cheibriados
   490 | D:2      | Found an ancient bone altar of Kikubaaqudgha.
   492 | D:2      | Found a white marble altar of Elyvilon.
   493 | D:2      | Found a sparkling altar of Nemelex Xobeh.
   494 | D:2      | Found a shattered altar of Ashenzari.
   494 | D:2      | Found a deep blue altar of Sif Muna.
   495 | D:2      | Found a blossoming altar of Fedhas.
   496 | D:2      | Found a bloodstained altar of Trog.
   497 | D:2      | Found a stormy altar of Qazlal.
   499 | D:2      | Found a shadowy altar of Dithmenos.
   555 | D:2      | Reached skill level 4 in Armour
   555 | D:2      | Reached XP level 2. HP: 27/27 MP: 1/1
   819 | D:2      | Reached XP level 3. HP: 33/33 MP: 2/2
  1062 | D:3      | Reached ** piety under Cheibriados
  1270 | D:3      | Found a burning altar of Makhleb.
  1286 | D:3      | Found a glowing silver altar of Zin.
  1286 | D:3      | Noticed a blizzard demon
  1286 | D:3      | Noticed an angel
  1299 | D:3      | Killed from afar by an orc priest

Action                   || total
-------------------------++-------
Melee: Flail             ||    60
